| TOP OF THE 1ST |
|
Winston-Salem Spirits batting - Pitching for Lynchburg Hillcats : RHP Steve Ontiveros
|
|
Pitching: RHP Steve Ontiveros
|
|
|
Batting: SHB Mark Wiesler
|
0-0: Called Strike 0-1: Swinging Strike 0-2: Ball 1-2: Strikes out swinging
|
|
Batting: RHB Angelo Ross
|
0-0: SINGLE (Line Drive, 6D, EV 103.1 MPH)
|
|
Batting: RHB Craig Robinson
|
0-0: Ball 1-0: Fly out, F4 (Popup, 3DF, EV 45.6 MPH)
|
|
Batting: RHB Elijah Ben
|
0-0: Ball 1-0: Swinging Strike 1-1: DOUBLE (Flyball, 8RXD, EV 106.9 MPH) Angelo Ross to third Runner from 3rd tries for Home, SAFE, throw by CF to trailing runner, SAFE at third!
|
|
Batting: LHB Jerome Coleman
|
0-0: Ball 1-0: Ball 2-0: Called Strike 2-1: Foul Ball, location: 2F 2-2: Ball 3-2: Foul Ball, location: 2F 3-2: Base on Balls
|
|
Batting: RHB Ronald Harper
|
0-0: Ball 1-0: Called Strike 1-1: Ball 2-1: Foul Ball, location: 2F 2-2: Fly out, F4 (Flyball, 34D, EV 83.1 MPH)
|
| Top of the 1st over - 1 run, 2 hits, 0 errors, 2 left on base; Winston-Salem 1 - Lynchburg 0 |
| BOTTOM OF THE 1ST |
|
Lynchburg Hillcats batting - Pitching for Winston-Salem Spirits : LHP Bob Raftice
|
|
Pitching: LHP Bob Raftice
|
|
|
Batting: RHB Ronald Lee
|
0-0: Ground out 5-3 (Groundball, 56, EV 85.0 MPH)
|
|
Batting: RHB Russ Quetti
|
0-0: Foul Ball, location: 2F 0-1: Foul Ball, location: 2F 0-2: Ground out 5-3 (Groundball, 56S, EV 80.0 MPH)
|
|
Batting: RHB William Lajoie
|
0-0: Called Strike 0-1: Foul Ball, location: 2F 0-2: Ball 1-2: Ground out 4-3 (Groundball, 4, EV 83.8 MPH)
|
| Bottom of the 1st over - 0 runs, 0 hits, 0 errors, 0 left on base; Winston-Salem 1 - Lynchburg 0 |
| TOP OF THE 2ND |
|
Winston-Salem Spirits batting - Pitching for Lynchburg Hillcats : RHP Steve Ontiveros
|
|
Batting: RHB Larry Reasonover
|
0-0: SINGLE (Groundball, 6, EV 98.1 MPH)
|
|
Batting: RHB Jeffrey Ulrich
|
0-0: Ball 1-0: Called Strike 1-1: Ball 2-1: Foul Ball, location: 2F 2-2: Ball 3-2: Fly out, F1 (Line Drive, P, EV 75.0 MPH)
|
|
Batting: RHB James Poff
|
0-0: Ball 1-0: Ball 2-0: Swinging Strike 2-1: Swinging Strike 2-2: Ball 3-2: Ground out 6-3 (Groundball, 6M, EV 88.8 MPH) Larry Reasonover to second
|
|
Batting: SHB Mark Wiesler
|
0-0: Foul Ball, location: 2F 0-1: Ball 1-1: Ball 2-1: Foul Ball, location: 2F 2-2: Ground out 4-3 (Groundball, 34D, EV 100.6 MPH)
|
| Top of the 2nd over - 0 runs, 1 hit, 0 errors, 1 left on base; Winston-Salem 1 - Lynchburg 0 |
| BOTTOM OF THE 2ND |
|
Lynchburg Hillcats batting - Pitching for Winston-Salem Spirits : LHP Bob Raftice
|
|
Batting: RHB Richard Witt
|
0-0: Foul Ball, location: 2F 0-1: Ball 1-1: Swinging Strike 1-2: Strikes out swinging
|
|
Batting: RHB Kenneth Tillman
|
0-0: Called Strike 0-1: Foul Ball, location: 2F 0-2: Strikes out swinging
|
|
Batting: LHB Eb MacDonald
|
0-0: Ground out 6-3 (Groundball, 6, EV 85.6 MPH)
|
| Bottom of the 2nd over - 0 runs, 0 hits, 0 errors, 0 left on base; Winston-Salem 1 - Lynchburg 0 |
| TOP OF THE 3RD |
|
Winston-Salem Spirits batting - Pitching for Lynchburg Hillcats : RHP Steve Ontiveros
|
|
Batting: RHB Angelo Ross
|
0-0: Swinging Strike 0-1: Ball 1-1: Ball 2-1: Ground out 6-3 (Groundball, 6M, EV 104.4 MPH)
|
|
Batting: RHB Craig Robinson
|
0-0: Ball 1-0: Called Strike 1-1: SINGLE (Line Drive, 56D, EV 106.9 MPH)
|
|
Batting: RHB Elijah Ben
|
0-0: Ball 1-0: Called Strike 1-1: Foul Ball, location: 2F 1-2: Fly out, F8 (Flyball, 8RS, EV 86.3 MPH)
|
|
Batting: LHB Jerome Coleman
|
0-0: Ball 1-0: Called Strike 1-1: Swinging Strike 1-2: Strikes out swinging
|
| Top of the 3rd over - 0 runs, 1 hit, 0 errors, 1 left on base; Winston-Salem 1 - Lynchburg 0 |
| BOTTOM OF THE 3RD |
|
Lynchburg Hillcats batting - Pitching for Winston-Salem Spirits : LHP Bob Raftice
|
|
Batting: RHB Frederic Wade
|
0-0: Ball 1-0: Foul Ball, location: 2F 1-1: Ball 2-1: Called Strike 2-2: Strikes out swinging
|
|
Batting: LHB Harold Warner
|
0-0: Swinging Strike 0-1: Ball 1-1: Ball 2-1: Foul Ball, location: 2F 2-2: Foul Ball, location: 2F 2-2: TRIPLE (Flyball, 9LD, EV 107.5 MPH)
|
|
Batting: RHB Felix Estrada
|
0-0: Called Strike 0-1: Ball 1-1: Foul Ball, location: 2F 1-2: Ball 2-2: Fly out, F9 (Flyball, 9, EV 95.0 MPH) Runner from 3rd tags up, SCORES, no throw by RF
|
|
Batting: RHB Ronald Lee
|
0-0: Called Strike 0-1: Ball 1-1: Ball 2-1: Called Strike 2-2: Ball 3-2: Ground out 5-3 (Groundball, 56S, EV 88.1 MPH)
|
| Bottom of the 3rd over - 1 run, 1 hit, 0 errors, 0 left on base; Winston-Salem 1 - Lynchburg 1 |
| TOP OF THE 4TH |
|
Winston-Salem Spirits batting - Pitching for Lynchburg Hillcats : RHP Steve Ontiveros
|
|
Batting: RHB Ronald Harper
|
0-0: Called Strike 0-1: Ball 1-1: Ball 2-1: Foul Ball, location: 2F 2-2: Ground out 5-3 (Groundball, 56S, EV 79.4 MPH)
|
|
Batting: RHB Larry Reasonover
|
0-0: Called Strike 0-1: Ball 1-1: Ball 2-1: SINGLE (Line Drive, 56D, EV 98.8 MPH)
|
|
Batting: RHB Jeffrey Ulrich
|
0-0: Fly out, F7 (Flyball, 78S, EV 95.0 MPH)
|
|
Batting: RHB James Poff
|
0-0: Ball 1-0: Ground out U3 (Groundball, 34S, EV 82.5 MPH)
|
| Top of the 4th over - 0 runs, 1 hit, 0 errors, 1 left on base; Winston-Salem 1 - Lynchburg 1 |
| BOTTOM OF THE 4TH |
|
Lynchburg Hillcats batting - Pitching for Winston-Salem Spirits : LHP Bob Raftice
|
|
Batting: RHB Russ Quetti
|
0-0: Called Strike 0-1: Ground out 6-3 (Groundball, 6, EV 103.8 MPH)
|
|
Batting: RHB William Lajoie
|
0-0: Called Strike 0-1: Ground out 3-1 (Groundball, 3S, EV 67.5 MPH)
|
|
Batting: RHB Richard Witt
|
0-0: Fly out, F9 (Line Drive, 9, EV 103.1 MPH)
|
| Bottom of the 4th over - 0 runs, 0 hits, 0 errors, 0 left on base; Winston-Salem 1 - Lynchburg 1 |
| TOP OF THE 5TH |
|
Winston-Salem Spirits batting - Pitching for Lynchburg Hillcats : RHP Steve Ontiveros
|
|
Batting: SHB Mark Wiesler
|
0-0: Called Strike 0-1: Foul Ball, location: 2F 0-2: Ground out 4-3 (Groundball, 4, EV 105.6 MPH)
|
|
Batting: RHB Angelo Ross
|
0-0: Ground out 6-3 (Groundball, 6M, EV 100.0 MPH)
|
|
Batting: RHB Craig Robinson
|
0-0: Ball 1-0: Ball 2-0: Ball 3-0: Called Strike 3-1: Swinging Strike 3-2: Ground out 4-3 (Groundball, 4, EV 92.5 MPH)
|
| Top of the 5th over - 0 runs, 0 hits, 0 errors, 0 left on base; Winston-Salem 1 - Lynchburg 1 |
| BOTTOM OF THE 5TH |
|
Lynchburg Hillcats batting - Pitching for Winston-Salem Spirits : LHP Bob Raftice
|
|
Batting: RHB Kenneth Tillman
|
0-0: Called Strike 0-1: Foul Ball, location: 2F 0-2: Foul Ball, location: 2F 0-2: Strikes out swinging
|
|
Batting: LHB Eb MacDonald
|
0-0: Ground out 2-3 (Groundball, 15S, EV 66.9 MPH)
|
|
Batting: RHB Frederic Wade
|
0-0: Ball 1-0: Ball 2-0: Called Strike 2-1: Ball 3-1: Foul Ball, location: 2F 3-2: Base on Balls
|
|
Batting: LHB Harold Warner
|
0-0: Called Strike 0-1: Ball 1-1: Ball 2-1: SINGLE (Line Drive, 34D, EV 95.0 MPH) Frederic Wade to second Runner from 2nd tries for 3rd, SAFE, throw by RF made to third
|
|
Batting: RHB Felix Estrada
|
0-0: Ball 1-0: Fly out, F9 (Flyball, 89S, EV 86.9 MPH)
|
| Bottom of the 5th over - 0 runs, 1 hit, 0 errors, 2 left on base; Winston-Salem 1 - Lynchburg 1 |
| TOP OF THE 6TH |
|
Winston-Salem Spirits batting - Pitching for Lynchburg Hillcats : RHP Steve Ontiveros
|
|
Batting: RHB Elijah Ben
|
0-0: Ball 1-0: Called Strike 1-1: Foul Ball, location: 2F 1-2: Ground out 6-3 (Groundball, 6, EV 85.0 MPH)
|
|
Batting: LHB Jerome Coleman
|
0-0: Ground out 6-3 (Groundball, 6, EV 90.6 MPH)
|
|
Batting: RHB Ronald Harper
|
0-0: Called Strike 0-1: Swinging Strike 0-2: Ball 1-2: Ball 2-2: Strikes out looking
|
| Top of the 6th over - 0 runs, 0 hits, 0 errors, 0 left on base; Winston-Salem 1 - Lynchburg 1 |
| BOTTOM OF THE 6TH |
|
Lynchburg Hillcats batting - Pitching for Winston-Salem Spirits : LHP Bob Raftice
|
|
Batting: RHB Ronald Lee
|
0-0: Ball 1-0: Ball 2-0: Called Strike 2-1: Swinging Strike 2-2: Fly out, F8 (Flyball, 89D, EV 74.4 MPH)
|
|
Batting: RHB Russ Quetti
|
0-0: Foul Ball, location: 2F 0-1: Ground out 6-3 (Groundball, 6, EV 90.0 MPH)
|
|
Batting: RHB William Lajoie
|
0-0: Called Strike 0-1: Foul Ball, location: 2F 0-2: Foul Ball, location: 2F 0-2: Ball 1-2: Ground out 6-3 (Groundball, 6, EV 77.5 MPH)
|
| Bottom of the 6th over - 0 runs, 0 hits, 0 errors, 0 left on base; Winston-Salem 1 - Lynchburg 1 |
| TOP OF THE 7TH |
|
Winston-Salem Spirits batting - Pitching for Lynchburg Hillcats : RHP Steve Ontiveros
|
|
Batting: RHB Larry Reasonover
|
0-0: Ball 1-0: Fly out, F9 (Line Drive, 9, EV 91.9 MPH)
|
|
Batting: RHB Jeffrey Ulrich
|
0-0: Called Strike 0-1: Ball 1-1: Ball 2-1: Foul Ball, location: 2F 2-2: Ground out 6-3 (Groundball, 6, EV 82.5 MPH)
|
|
Batting: RHB James Poff
|
0-0: Ball 1-0: Called Strike 1-1: Foul Ball, location: 2F 1-2: Ball 2-2: Foul Ball, location: 2F 2-2: Strikes out looking
|
| Top of the 7th over - 0 runs, 0 hits, 0 errors, 0 left on base; Winston-Salem 1 - Lynchburg 1 |
| BOTTOM OF THE 7TH |
|
Lynchburg Hillcats batting - Pitching for Winston-Salem Spirits : LHP Bob Raftice
|
|
Batting: RHB Richard Witt
|
0-0: Ball 1-0: Called Strike 1-1: Foul Ball, location: 2F 1-2: Ball 2-2: Fly out, F4 (Popup, 4MD, EV 50.6 MPH)
|
|
Batting: RHB Kenneth Tillman
|
0-0: Ball 1-0: Foul Ball, location: 2F 1-1: Swinging Strike 1-2: Ball 2-2: Foul Ball, location: 2F 2-2: Strikes out looking
|
|
Batting: LHB Eb MacDonald
|
0-0: Foul Ball, location: 2F 0-1: Ball 1-1: Called Strike 1-2: Strikes out swinging
|
| Bottom of the 7th over - 0 runs, 0 hits, 0 errors, 0 left on base; Winston-Salem 1 - Lynchburg 1 |
| TOP OF THE 8TH |
|
Winston-Salem Spirits batting - Pitching for Lynchburg Hillcats : RHP Steve Ontiveros
|
|
Batting: SHB Mark Wiesler
|
0-0: Foul Ball, location: 2F 0-1: Ground out 4-3 (Groundball, 4S, EV 84.4 MPH)
|
|
Batting: RHB Angelo Ross
|
0-0: Foul Ball, location: 2F 0-1: Ball 1-1: Swinging Strike 1-2: Foul Ball, location: 2F 1-2: Fly out, F8 (Flyball, 78M, EV 90.0 MPH)
|
|
Batting: RHB Craig Robinson
|
0-0: SINGLE (Flyball, 8RS, EV 90.0 MPH)
|
|
Batting: RHB Elijah Ben
|
0-0: Foul Ball, location: 2F 0-1: Swinging Strike 0-2: Ball 1-2: Foul Ball, location: 2F 1-2: Ball 2-2: Ball 3-2: Ground out 5-3 (Groundball, 56, EV 86.3 MPH)
|
| Top of the 8th over - 0 runs, 1 hit, 0 errors, 1 left on base; Winston-Salem 1 - Lynchburg 1 |
| BOTTOM OF THE 8TH |
|
Lynchburg Hillcats batting - Pitching for Winston-Salem Spirits : LHP Bob Raftice
|
|
Batting: RHB Frederic Wade
|
0-0: Ball 1-0: Ball 2-0: Foul Ball, location: 2F 2-1: Swinging Strike 2-2: Foul Ball, location: 2F 2-2: Fly out, F8 (Flyball, 8RM, EV 73.1 MPH)
|
|
Batting: LHB Harold Warner
|
0-0: Called Strike 0-1: Called Strike 0-2: Ball 1-2: Strikes out looking
|
|
Batting: RHB Felix Estrada
|
0-0: Called Strike 0-1: Ball 1-1: Ball 2-1: Called Strike 2-2: SINGLE (Groundball, 56, EV 95.6 MPH)
|
|
Batting: RHB Ronald Lee
|
0-0: Fly out, F8 (Flyball, 8RM, EV 82.5 MPH)
|
| Bottom of the 8th over - 0 runs, 1 hit, 0 errors, 1 left on base; Winston-Salem 1 - Lynchburg 1 |
| TOP OF THE 9TH |
|
Winston-Salem Spirits batting - Pitching for Lynchburg Hillcats : RHP Steve Ontiveros
|
|
Pitching: RHP Paul Steets
|
|
|
Batting: LHB Jerome Coleman
|
0-0: Ball 1-0: Called Strike 1-1: Called Strike 1-2: Ground out 4-3 (Groundball, 4, EV 88.1 MPH)
|
|
Batting: RHB Ronald Harper
|
0-0: Called Strike 0-1: Swinging Strike 0-2: Strikes out looking
|
|
Batting: RHB Larry Reasonover
|
0-0: Ball 1-0: SOLO HOME RUN (Flyball, 7LD, EV 85.6 MPH), Distance : 358 ft
|
|
Batting: RHB Jeffrey Ulrich
|
0-0: Swinging Strike 0-1: Foul Ball, location: 2F 0-2: Ball 1-2: Strikes out swinging
|
| Top of the 9th over - 1 run, 1 hit, 0 errors, 0 left on base; Winston-Salem 2 - Lynchburg 1 |
| BOTTOM OF THE 9TH |
|
Lynchburg Hillcats batting - Pitching for Winston-Salem Spirits : LHP Bob Raftice
|
|
Pitching: RHP David Trout
|
|
|
Pinch Hitting: RHB Luis A Rivera
|
0-0: Called Strike 0-1: Ball 1-1: Foul Ball, location: 2F 1-2: Ball 2-2: Ground out 4-3 (Groundball, 4, EV 108.8 MPH)
|
|
Batting: LHB Stanley Cannon
|
0-0: Ground out 4-3 (Groundball, 4S, EV 89.4 MPH)
|
|
Batting: RHB Richard Witt
|
0-0: Ball 1-0: Ball 2-0: Ball 3-0: Base on Balls
|
|
Pinch Hitting: RHB Jon Corella
|
0-0: Called Strike 0-1: Reached on error, E6 (Groundball, 6, EV 76.9 MPH) Richard Witt to second
|
|
Batting: LHB Eb MacDonald
|
0-0: Foul Ball, location: 2F 0-1: Ball 1-1: Foul Ball, location: 2F 1-2: Foul Ball, location: 2F 1-2: Ball 2-2: Ball 3-2: Base on Balls Richard Witt to third Jon Corella to second
|
|
Batting: RHB Frederic Wade
|
0-0: Called Strike 0-1: Ball 1-1: Ball 2-1: Ball 3-1: Swinging Strike 3-2: Ground out U3 (Groundball, 34S, EV 75.6 MPH)
|
| Bottom of the 9th over - 0 runs, 0 hits, 1 error, 3 left on base; Winston-Salem 2 - Lynchburg 1 |
|